Cogmind - Beta 15 @@@ ROGUE MODE // 2025.10.04 @ 01:38:19 Player: souux Result: Self-destructed Performance ------------- Evolutions (1) 500 Regions Visited (3) 600 Robots Destroyed (49) 245 Value Destroyed (1041) 1041 Prototype IDs (2) 40 Alien Tech Used (0) 0 Bonus (0) 0 TOTAL SCORE: 2426 Bonus ------- None Cogmind --------- Core Integrity 240/400 Matter 291/300 Energy 160/160 System Corruption 0% Temperature Cool (0) Movement Rolling (115) Ox1 Location -9/Materials Parts ------- > --- POWER (1) -------- Light Nuclear Core > --- PROPULSION (2) --- Compact Wheel Compact Wheel > --- UTILITY (4) ------ High-capacity Storage Unit Improved Terrain Scanner > --- WEAPON (2) ------- Light Cannon > --- INVENTORY (20) --- Light Ion Engine Improved Treads Improved Treads Improved Treads Improved Treads Improved Treads Compact Wheel Compact Wheel Huge Storage Unit High-capacity Matter Pod (200) Signal Interpreter Seismic Detector Trap Extractor (0/4) Field Recycling Unit (0) Heavy Assault Rifle Heavy Assault Rifle Heavy Assault Rifle Mini Grenade Launcher Peak State ------------ > --- POWER ------------ Ion Engine > --- PROPULSION ------- Improved Treads Compact Wheel > --- UTILITY ---------- High-capacity Storage Unit Improved Terrain Scanner Seismic Detector ECM Suite > --- WEAPON ----------- Light Cannon Flail > --- INVENTORY -------- Light Ion Engine Light Nuclear Core Improved Treads Improved Treads Improved Treads Improved Treads Wheel Wheel Huge Storage Unit High-capacity Matter Pod Signal Interpreter Seismic Detector Trap Extractor Field Recycling Unit Heavy Assault Rifle Heavy Assault Rifle Heavy Assault Rifle Light Cannon Mini Grenade Launcher [Rating: 16] Favorites ----------- Power Ion Engine Engine Ion Engine Power Core Light Nuclear Core Propulsion Compact Wheel Treads Improved Treads Wheel Compact Wheel Utility High-capacity Storage Unit Device Seismic Detector Storage High-capacity Storage Unit Protection Light Armor Plating Weapon Assault Rifle Ballistic Gun Assault Rifle Ballistic Cannon Light Cannon Launcher Mini Grenade Launcher Impact Weapon Flail Build | -11 -10 -10 -9 ------- Run | Yrd Mat Min Mat Slots Evolved 2 | . . . 2 Power . | . . . . Propulsion . | . . . . Utility 2 | . . . 2 Weapon . | . . . . Parts Attached 26 | 7 8 1 10 Power 3 | 1 . . 2 Engine 2 | 1 . . 1 Core 1 | . . . 1 Reactor . | . . . . Propulsion 9 | 3 2 . 4 Treads 3 | . 1 . 2 Leg . | . . . . Wheel 6 | 3 1 . 2 Hover . | . . . . Flight . | . . . . Utility 7 | 1 4 . 2 Device 4 | . 2 . 2 Storage 2 | 1 1 . . Processor . | . . . . Hackware . | . . . . Protection 1 | . 1 . . Artifact . | . . . . Weapon 7 | 2 2 1 2 Energy Gun . | . . . . Energy Cannon . | . . . . Ballistic Gun 3 | 2 1 . . Ballistic Cannon 2 | . 1 . 1 Launcher 1 | . . 1 . Special Weapon . | . . . . Impact Weapon 1 | . . . 1 Slashing Weapon . | . . . . Piercing Weapon . | . . . . Special Melee Weapon . | . . . . Unidentified Prototypes . | . . . . Parts Lost 10 | . 4 . 6 Power 2 | . . . 2 Propulsion 2 | . 1 . 1 Utility 3 | . 1 . 2 Weapon 3 | . 2 . 1 Highest Loss Streak 5 | . 2 . 5 To Critical Strikes . | . . . . Average Backups 15 | 5 15 16 17 Power 1 | . 1 1 1 Propulsion 6 | 3 6 6 6 Utility 4 | . 4 6 5 Weapon 3 | . 3 3 3 Tool/Special . | . . . . Unused Backups 23 | 2 6 . 15 Power 1 | . . . 1 Propulsion 9 | 2 2 . 5 Utility 8 | . 2 . 6 Weapon 5 | . 2 . 3 Tool/Special . | . . . . Average Slot Usage (%) 96 | . 98 85 91 Engine 12 | . 14 14 8 Wheel 25 | . 27 28 21 Device 14 | . 8 . 26 Storage 13 | . 14 14 11 Protection 2 | . 4 . . Ballistic Gun 19 | . 27 9 2 Ballistic Cannon 4 | . . 14 11 Impact Weapon 2 | . . . 7 Peak Build Rating 16 | 7 10 9 16 Average Rating 9 | 5 8 8 13 On Entrance 5 | . 7 8 8 Naked Turns . | . . . . Heaviest Build 54 | 14 52 50 54 Greatest Support 32 | 32 32 26 32 Greatest Overweight (x) 2 | . 1 1 2 Average Overweight (x) 1 | . . 1 1 Largest Inventory Capacity 20 | 8 20 20 20 Average Capacity 18 | 7 19 20 20 Most Carried 20 | 8 19 16 20 Average Carried 15 | 5 15 16 17 Final Capacity 20 | 8 20 20 20 Final Carried 18 | 8 16 16 18 Class Distribution -------------------- 94% | Mutant 5% | Scavenger-Mutant Dominant Class ---------------- Mutant | -10/Materials Mutant | -10/Mines Mutant | -9/Materials Resources | -11 -10 -10 -9 ----------- Run | Yrd Mat Min Mat Matter Collected 1708 | 310 938 . 460 Remotely . | . . . . Salvage Created 1477 | 152 771 11 543 Parts 95 | 11 45 3 36 Haulers Intercepted . | . . . . Recyclers Shooed 3 | . 1 . 2 Parts Field Recycled . | . . . . Retrieved Matter . | . . . . Parts Self-Destructed . | . . . . Prevented . | . . . . Kills | -11 -10 -10 -9 ------- Run | Yrd Mat Min Mat Combat Hostiles Destroyed 37 | . 17 3 17 Guns 16 | . 16 . . Cannons 18 | . 1 . 17 AOE 3 | . . 3 . Classes Destroyed 7 | 2 4 . 1 Tunneler 5 | 4 1 . . Recycler 5 | 1 2 . 2 Operator 1 | . 1 . . Watcher 1 | . 1 . . Swarmer 15 | . 6 3 6 Grunt 19 | . 11 . 8 Sentry 3 | . . . 3 Best Kill Streak 7 | 2 5 3 7 Combat Bots Only 6 | . 5 3 6 Max Kills in Single Turn 2 | 1 2 2 1 Gunslinging 1 | . 1 . . Exploded 2 | . . 2 . Melee . | . . . . Uniques/NPCs Destroyed . | . . . . Combat | -11 -10 -10 -9 -------- Run | Yrd Mat Min Mat Hostile Shots Fired 150 | . 77 4 69 Missed 42 | . 22 1 19 Hits 108 | . 55 3 50 Melee 1 | . . . 1 Projectile 107 | . 55 3 49 Critical Strikes 1 | . . . 1 Damage Taken 1193 | . 565 40 588 Core 240 | . 80 . 160 Absorbed by Shields . | . . . . Core Remaining (%) 84 | 100 . 68 . Volleys Fired 150 | 20 60 2 68 Largest 2 | 2 2 1 1 Hottest 50 | 40 50 30 30 Shots Fired 228 | 40 118 2 68 Gun 155 | 40 115 . . Cannon 71 | . 3 . 68 Launcher 2 | . . 2 . Special . | . . . . Kinetic 226 | 40 118 . 68 Thermal . | . . . . Explosive 2 | . . 2 . Electromagnetic . | . . . . Robot Hit Streak 23 | 5 23 . 10 Robot Miss Streak 4 | 3 4 . 3 Penetration Max . | . . . . Secondary Targets 2 | . 2 . . Max Gunslinging Chain 1 | . 1 . . Shots Hit Robots 149 | 23 76 . 50 Core Hits 65 | 6 33 2 24 Critical Kills . | . . . . Critical Parts Destroyed . | . . . . Critical Strikes 2 | . . . 2 Blast 2 | . . . 2 Melee Attacks 1 | . . . 1 Impact 1 | . . . 1 Slashing . | . . . . Piercing . | . . . . Sneak Attacks . | . . . . Combat Hostiles . | . . . . Follow-up Attacks . | . . . . Damage Inflicted 2354 | 274 1027 195 858 Guns 1251 | 274 977 . . Cannons 908 | . 50 . 858 Explosions 195 | . . 195 . Melee . | . . . . Ramming . | . . . . Kinetic 2159 | 274 1027 . 858 Thermal . | . . . . Explosive 195 | . . 195 . Electromagnetic . | . . . . Impact . | . . . . Slashing . | . . . . Piercing . | . . . . Highest Corruption . | . . . . Average Corruption . | . . . . Corruption Purged . | . . . . Corruption Blocked . | . . . . Overload Shots . | . . . . Overflow Damage 17 | . . 16 1 Projectiles 1 | . . . 1 Explosions 16 | . . 16 . Melee . | . . . . Knockbacks 7 | . 2 . 5 Impact . | . . . . Kinetic 7 | . 2 . 5 Secondary . | . . . . Self-Inflicted Damage 19 | . . 19 . Shots 2 | . . 2 . Rammed . | . . . . Targets Rammed . | . . . . Kicked . | . . . . Crushed . | . . . . Highest Temperature 2 | . 2 . 1 Average Temperature 1 | . 2 . 1 Received Heat Transfer 456 | . 228 . 228 Siege Activations . | . . . . Martial Activations . | . . . . Shielding Activations . | . . . . Robots Disrupted . | . . . . Combat Hostiles . | . . . . Robots Corrupted . | . . . . Combat Hostiles . | . . . . Parts Fried . | . . . . Impact Corruptions . | . . . . Robots Melted . | . . . . Combat Hostiles . | . . . . Parts Melted . | . . . . Heat Transferred . | . . . . Parts Sabotaged . | . . . . Parts Stolen . | . . . . Parts Stripped . | . . . . Power Chain Reactions . | . . . . Alert | -11 -10 -10 -9 ------- Run | Yrd Mat Min Mat Maximum Alert Level 1 | . . . 1 Low Security (%) 92 | 100 100 100 74 Level 1 7 | . . . 25 Level 2 . | . . . . Level 3 . | . . . . Level 4 . | . . . . Level 5 . | . . . . High Security . | . . . . Max Security . | . . . . Peak Influence 247 | 5 156 87 247 Initial 29 | . . 9 29 Average 59 | 1 38 75 124 Influence Increases 1027 | 25 445 78 479 Destroy 0b10 Robot/C 740 | . 340 60 340 Destroy 0b10 Robot/NC 60 | 25 25 . 10 Destroy Leader 142 | . 62 10 70 Successful Hack 30 | . 17 . 13 Destroy Structure 10 | . 1 8 1 Lose Combat Pursuer 45 | . . . 45 Influence Decreases 788 | 25 419 27 317 Entered New Map 65 | . . 17 48 Time Decay 527 | 25 283 10 209 Lost Part 100 | . 40 . 60 Purge Threat 96 | . 96 . . Squads Dispatched 6 | . 4 . 2 Investigation 3 | . 2 . 1 Extermination . | . . . . Reinforcement 3 | . 2 . 1 Assault . | . . . . Garrison . | . . . . Intercept . | . . . . Searches Triggered . | . . . . Construction Impeded . | . . . . Haulers Reinforced . | . . . . Active Scanning Responses . | . . . . Cargo Convoy Interrupts . | . . . . Stealth | -11 -10 -10 -9 --------- Run | Yrd Mat Min Mat Distress Signals 1 | . . . 1 Communications Jammed . | . . . . Distress Signals . | . . . . Times Spotted 60 | . 26 3 31 Peak Tracking Total 5 | . 5 3 5 Tactical Retreats 5 | . . . 5 Traps | -11 -10 -10 -9 ------- Run | Yrd Mat Min Mat Traps Triggered 3 | . 2 . 1 Indirectly . | . . . . Trap Hack Attempts . | . . . . Triggered . | . . . . Disarmed . | . . . . Reprogrammed . | . . . . Reused . | . . . . Traps Extracted . | . . . . Installed . | . . . . Triggered . | . . . . Machines | -11 -10 -10 -9 ---------- Run | Yrd Mat Min Mat Machines Disabled . | . . . . Max in Single Turn . | . . . . Machines Repaired . | . . . . Machines Dismantled . | . . . . Machines Sabotaged . | . . . . Overloaded Fab Kills . | . . . . Hacking | -11 -10 -10 -9 --------- Run | Yrd Mat Min Mat Machines Accessed 7 | . 6 . 1 Terminals 6 | . 5 . 1 Fabricators . | . . . . Repair Stations . | . . . . Recycling Units 1 | . 1 . . Scanalyzers . | . . . . Garrison Access . | . . . . Total Hacks 23 | . 18 . 5 Successful 14 | . 12 . 2 Failed 9 | . 6 . 3 Catastrophic 1 | . . . 1 Database Lockouts . | . . . . Manual 15 | . 10 . 5 Terminals 20 | . 15 . 5 Fabricators . | . . . . Repair Stations . | . . . . Recycling Units 3 | . 3 . . Scanalyzers . | . . . . Garrison Access . | . . . . Terminal Hacks 5 | . 4 . 1 Prototype ID Bank 1 | . 1 . . Branch Access Points 1 | . . . 1 Unreport Threat 1 | . 1 . . Locate Traps 2 | . 2 . . Fabricator Hacks . | . . . . Repair Station Hacks . | . . . . Recycling Unit Hacks 3 | . 3 . . Report Inventory 2 | . 2 . . Retrieve Components 1 | . 1 . . Scanalyzer . | . . . . Garrison Access Hacks . | . . . . Unauthorized Hacks 6 | . 5 . 1 Terminals 6 | . 5 . 1 Botnet 6 | . 5 . 1 Fabricators . | . . . . Repair Stations . | . . . . Recycling Units . | . . . . Scanalyzers . | . . . . Garrison Access . | . . . . Data Cores Recovered . | . . . . Used . | . . . . Hacking Detections 5 | . 4 . 1 Full Trace Events 1 | . 1 . . Feedback Events . | . . . . Feedback Blocked . | . . . . Robot Schematics Acquired . | . . . . Robots Built . | . . . . Authchips . | . . . . Time . | . . . . Total Robot Build Rating . | . . . . Part Schematics Acquired . | . . . . Parts Built . | . . . . Authchips . | . . . . Time . | . . . . Total Part Build Rating . | . . . . Parts Repaired . | . . . . Time . | . . . . Parts Recycled . | . . . . Recycled Matter . | . . . . Retrieved Matter . | . . . . Retrieved Components 2 | . 2 . . Parts Scanalyzed . | . . . . Part Schematics Acquired . | . . . . Parts Damaged . | . . . . Bothacking | -11 -10 -10 -9 ------------ Run | Yrd Mat Min Mat Used RIF Installer . | . . . . Robots Hacked . | . . . . Non-combat . | . . . . Combat . | . . . . Robot Hacks Applied . | . . . . Relay Couplers Released . | . . . . Fabnet Peak Effective % . | . . . . Robots Rewired . | . . . . Allies Hacked . | . . . . Hacks Repelled . | . . . . Allies | -11 -10 -10 -9 -------- Run | Yrd Mat Min Mat Total Allies . | . . . . Largest Group . | . . . . Highest-Rated Group . | . . . . Highest-Rated Ally . | . . . . Total Orders . | . . . . Ally Attacks . | . . . . Total Damage . | . . . . Kills . | . . . . Allies Corrupted . | . . . . Allies Melted . | . . . . Intel | -11 -10 -10 -9 ------- Run | Yrd Mat Min Mat Active Infowar (turns) 1246 | . 718 . 528 Terrain 541 | . 13 . 528 Seismic 1060 | . 705 . 355 ECM 383 | . . . 383 Robot Analysis Total . | . . . . Derelict Logs Recovered . | . . . . Drone Launches . | . . . . Drone Recoveries . | . . . . Exploration | -11 -10 -10 -9 ------------- Run | Yrd Mat Min Mat Turns Passed 1868 | 184 1136 20 528 Spaces Moved 1093 | 97 701 13 282 Core 1 | 1 . . . Treads . | . . . . Legs . | . . . . Wheels 1092 | 96 701 13 282 Hover . | . . . . Flight . | . . . . Fastest Speed 50 | 50 100 105 105 Average Speed 112 | 96 112 105 117 Slowest Speed 120 | 100 115 105 120 Overloaded Moves . | . . . . Propulsion Burnouts . | . . . . Robots Hopped . | . . . . Potential Cave-ins . | . . . . Cave-ins Triggered . | . . . . Exploration Rate (%) 34 | 5 93 8 31 Regions Visited 3 Branch Regions 1 Pre-discovered Areas . | . . . . Known Exits Taken . | . . . . Unknown Exits Taken 3 | 1 1 1 . Scrap Searched . | . . . . Spaces Dug 24 | . . 23 1 Terrain Destroyed 24 | . . 23 1 Melee 1 | . . . 1 Projectile . | . . . . AOE 23 | . . 23 . Terrain Rammed . | . . . . Walls Destroyed . | . . . . Machines Disabled . | . . . . Actions | -11 -10 -10 -9 --------- Run | Yrd Mat Min Mat Total 1496 | 144 930 16 406 Wait 168 | 9 135 . 24 Move 1090 | 96 700 12 282 Hop . | . . . . Pick Up 41 | 10 19 . 12 Fast Attach 6 | 6 . . . Attach 11 | . 4 . 7 Detach . | . . . . Swap 15 | 1 4 2 8 Drop 14 | 2 8 . 4 Fire 150 | 20 60 2 68 Melee 1 | . . . 1 Ram . | . . . . Kick . | . . . . Crush . | . . . . Escape Stasis . | . . . . Rewire . | . . . . Trap . | . . . . Miscellaneous . | . . . . Route ------- -11/Scrapyard -10/Materials (discovered 4 exits: *Mat x3 / [*Min]) -10/Mines -9/Materials (discovered 1 exit: *Min) History --------- Turn | Location | Event 20 | -11/Scrapyard | Discovered new exit (range 14) 185 | -11/Scrapyard | Entered Materials 310 | -10/Materials | Build established: Mutant 432 | -10/Materials | Discovered new exit (range 5) 645 | -10/Materials | Discovered new exit (range 3) 1264 | -10/Materials | Discovered new exit (range 4) 1279 | -10/Materials | Discovered new exit (range 15) 1321 | -10/Materials | Entered Mines 1336 | -10/Mines | Discovered new exit (range 6) 1341 | -10/Mines | Entered Materials 1341 | -9/Materials | Evolved 2 slots: Utility x2 1354 | -9/Materials | Identified exit to Mines 1757 | -9/Materials | Lost 5 parts (2p1n2u) 1869 | -9/Materials | Self-destructed Last Messages --------------- 01796_ G-34 Mercenary destroyed. 01797_ Acquired 4 matter. 01797_ K-01 Serf collects debris. 01829_ U-05 Engineer works on Processing Tank. 01839_ K-01 Serf cleans the Neutrino Reactor. 01846_ Flail severed. 01847_ L-31 Rogue knocked back. 01848_ K-01 Serf cleans the Neutrino Reactor. 01855_ G-34 Mercenary knocked back. 01857_ G-34 Mercenary destroyed. 01858_ K-01 Serf cleans the Neutrino Reactor. 01863_ Acquired 22 matter. 01864_ U-05 Engineer works on Processing Tank. 01865_ Acquired 2 matter. 01866_ Acquired 1 matter. 01867_ U-05 Engineer works on Processing Tank. 01867_ K-01 Serf collects debris. 01867_ Acquired 2 matter. 01868_ C-30 ARC bursts open, deploying its payload. 01868_ S-10 Pest unfolds itself. Map ----- +----------------------------------------------------+ | ???????########### = """ #! *[%% ###?#?#?##???? | | ?????????????????# !""" # % !% ##???##??????? | | ?????????????????# """ # [ #?#?#????????? | | ??#????#?????????# # ##???#???????? | | ???????? ????????# + """ """ #????? ??????? | | ?????????????????+ # """ """ #?????? ?????? | | ?????????????????# ] # """ """ #???#???? ???? | | ?????????????????# #### # ##?#?????????? | | ???????#??????#?? "??? ####+######???????"????? | | ???????????????#? ?"? #?## #?????????????????? | | ????????????????# ????#?# #???#?#?#?#???????? | | ????????????????# > "??????# #?????????????????? | | ????????????????# ???????# ##### ##????????? | | ????????????????# ??????# ???? | | ????????????????# "???????# ##### #?????????? | | ?????????????????# ?###+####+##???????#????????? | | ?????????????????# ???# #????????????????? | | ?????????????? ??# ??# #????????????????? | | ?????????????????# ?# #????????????????? | | ????????????????## ## #???#????????????? | | ????????????????# ##+#+######????????????????? | | ????????????? ??# s #########?????#? ?????? | | ????????????????+ %s # ????????????? | | ????????????????# ^s # ????????????? | | ????????????????# <<< %# """ ""????????????? | | ????????????????#